 Dungeon Crawl Stone Soup version 0.28.0-43-g3370ac3207 (webtiles) character file.

Game seed: 3975615630334335133

237 boopmooplesden the Bolt Thrower (level 5, -6/41 HPs)
             Began as a Minotaur Hunter on Mar 4, 2022.
             Was a Follower of Hepliaklqana.
             Mangled by Pikel
             ... wielding a +0 whip of freezing
              (9 damage)
             ... on level 4 of the Dungeon.
             The game lasted 00:06:39 (2856 turns).

boopmooplesden the Bolt Thrower (Minotaur Hunter)   Turns: 2856, Time: 00:06:40

Health: -6/41      AC:  4    Str: 19    XL:     5   Next: 77%
Magic:  4/4        EV: 12    Int:  8    God:    Hepliaklqana [*.....]
Gold:   152        SH:  0    Dex: 10    Spells: 4/4 levels left

rFire   . . .      SeeInvis .   b - +0 rapier
rCold   . . .      Faith    .   (no shield)
rNeg    . . .      Spirit   .   c - +0 leather armour
rPois   .          Reflect  .   (helmet restricted)
rElec   .          Harm     .   (no cloak)
rCorr   .          Rampage  .   m - +0 pair of gloves
Will    .....                   (no boots)
Stlth   +.........              p - amulet of the acrobat
HPRegen 0.13/turn               l - ring of flight
MPRegen 0.09/turn               (no ring)

@: flying
A: reduced essence, horns 2, retaliatory headbutt
a: Renounce Religion, Recall Ancestor, Ancestor Identity


You were on level 4 of the Dungeon.
You worshipped Hepliaklqana.
Hepliaklqana was aware of your devotion.
You visited 1 branch of the dungeon, and saw 4 of its levels.

You collected 152 gold pieces.

Inventory:

Hand Weapons
 a - a +1 hand crossbow
 b - a +0 rapier (weapon)
 t - a +3 dagger of speed
Missiles
 r - 25 bolts
Armour
 c - a +0 leather armour (worn)
 i - a +0 chain mail
 m - a +0 pair of gloves (worn)
Jewellery
 k - an amulet of reflection
 l - a ring of flight (left hand)
 p - an amulet of the acrobat (around neck)
Wands
 d - a wand of polymorph (15)
Scrolls
 f - a scroll of brand weapon {unknown}
 n - a scroll of silence {unknown}
 o - 2 scrolls of identify
 q - a scroll of blinking {unknown}
Potions
 e - a potion of magic {unknown}
 g - a potion of lignification {unknown}
 h - 3 potions of heal wounds
 s - a potion of attraction {unknown}


   Skills:
 + Level 3.7 Fighting
 + Level 1.1 Short Blades
 + Level 6.4 Crossbows
 + Level 2.7 Armour
 + Level 2.5 Dodging
 + Level 0.8 Stealth


You had 4 spell levels left.
You didn't know any spells.
Your spell library was empty.

Dungeon Overview and Level Annotations

Branches:
Dungeon (4/15)
 Temple: D:4-7

Altars:
Hepliaklqana
Okawaru
Trog

Annotations:
D:4 Pikel


Innate Abilities, Weirdness & Mutations

Your life essence is reduced to manifest your ancestor. (-10% HP)
You have a pair of horns on your head.
You reflexively headbutt those who attack you in melee.


Message History

The lemure misses Arif.
You puncture Pikel!
Pikel is moderately wounded.
Arif hits the lemure.
The lemure dies!
The lemure barely misses you. Pikel closely misses you.
Arif barely misses Pikel.
You barely miss Pikel.
Pikel is moderately wounded.
The lemure hits you. Pikel barely misses you.
Arif hits Pikel.
You closely miss Pikel.
Pikel is moderately wounded.
The lemure hits you! Pikel barely misses you. You furiously retaliate!
You headbutt Pikel.
A stone appears from out of your range of vision.
The stone hits Arif.
The stone freezes Arif.
Arif hits Pikel.
You closely miss Pikel.
Pikel is severely wounded.
The lemure barely misses you.
Pikel hits you with a +0 whip of freezing!
Pikel freezes you.
A stone appears from out of your range of vision.
The stone hits Arif.
The stone freezes Arif.
Arif barely misses Pikel.
You hit Pikel.
Pikel is severely wounded.
Pikel hits you with a +0 whip of freezing.
* * * LOW HITPOINT WARNING * * *
Pikel freezes you.
* * * LOW HITPOINT WARNING * * *
A stone appears from out of your range of vision.
The stone hits Arif!
The stone freezes Arif.
Arif is destroyed!
The lemure hits you!
* * * LOW HITPOINT WARNING * * *
The lemure closely misses you. Pikel hits you but does no damage.
It was a potion of curing.
You feel better. The lemure closely misses you. The lemure hits you.
* * * LOW HITPOINT WARNING * * *
Pikel hits you with a +0 whip of freezing!
You die...

###. ######...
#.(g############>..##...
...(....#..........#....
........#..........#....
.#......#..........+....
..>.....##...###.>.###..
#.......###'####...###..
#.....5K............#...
##....5@##...>......'...
#....5.##..........#...
....)...##+#####....##..
........# ...###....##..
##....... ...........#..
#....<.. ...........#..
#........ ...........#..
##....$.##...####'######
...###.)#


You could see Pikel, 3 lemures and a goblin (wandering).

Vanquished Creatures
  Jessica (D:3)
  Natasha (twice) (D:2)
  8 adders
  2 worms
  A dart slug (D:3)
  9 orcs
  7 bats
  6 endoplasms
  3 giant cockroaches
  6 goblins
  6 hobgoblins
  3 quokkas
  7 ball pythons
  3 frilled lizards
  4 kobolds
  6 rats
74 creatures vanquished.

Vanquished Creatures (collateral kills)
  A lemure (D:4)
1 creature vanquished.

Vanquished Creatures (others)
  An ancestor (D:4)
1 creature vanquished.

Grand Total: 76 creatures vanquished

Notes
Turn   | Place    | Note
-------+----------+-------------------------------------------
     0 | D:1      | boopmooplesden the Minotaur Hunter began the quest for the
                  | Orb.
     0 | D:1      | Reached XP level 1. HP: 18/18 MP: 0/0
   206 | D:1      | Reached XP level 2. HP: 25/25 MP: 1/1
   363 | D:1      | Reached skill level 5 in Crossbows
   842 | D:2      | Noticed Natasha
   846 | D:2      | Killed Natasha
   847 | D:2      | Reached XP level 3. HP: 16/30 MP: 2/2
  1060 | D:2      | Reached skill level 1 in Armour
  1128 | D:2      | Reached XP level 4. HP: 36/37 MP: 3/3
  1331 | D:2      | Found a hazy altar of Hepliaklqana.
  1338 | D:2      | Became a worshipper of Hepliaklqana the Forgotten
  1762 | D:2      | Noticed Natasha
  1764 | D:2      | Killed Natasha
  1765 | D:2      | Reached XP level 5. HP: 45/45 MP: 4/4
  2061 | D:3      | Found an iron altar of Okawaru.
  2109 | D:3      | Reached skill level 6 in Crossbows
  2282 | D:3      | Found a faded altar of an unknown god.
  2337 | D:3      | Noticed Jessica
  2341 | D:3      | Killed Jessica
  2597 | D:3      | Reached skill level 1 in Short Blades
  2653 | D:3      | Reached * piety under Hepliaklqana
  2679 | D:4      | Found a bloodstained altar of Trog.
  2840 | D:4      | Noticed a lemure
  2840 | D:4      | Noticed a lemure
  2841 | D:4      | Noticed Pikel
  2843 | D:4      | Noticed a lemure
  2849 | D:4      | Noticed a lemure
  2851 | D:4      | Killed a lemure
  2855 | D:4      | HP: 2/41 [lemure[Pikel] (8)]
  2856 | D:4      | Mangled by Pikel

Illustrated notes

Levels and vault maps discovered:
D:1:      saegor_arrival_simple_e, layout_basic
D:2:      layout_basic, basic_altar, grunt_ministairs_11, uniq_natasha
D:3:      minmay_evil_eye, layout_rooms, mainiacjoe_overflow_paths,
          ebering_ecumenical_altar_rust, uniq_jessica
D:4:      layout_gridville, mainiacjoe_overflow_24_doors,
          minmay_temple_entry_tees, portal_sewer_entry_e,
          kennysheep_big_empty_room, uniq_pikel

Skill      XL: |  1  2  3  4  5 |
---------------+----------------+-----
Crossbows      | 5 6 |  6.4
Armour         | 1 2 |  2.7
Fighting       | 3 |  3.7
Short Blades   | 1 |  1.1
Dodging        | |  2.5
Stealth        | |  0.8

Action                   |  1- 3 |  4- 6 || total
-------------------------+-------+-------++-------
Melee: Rapier            |    15 |    44 ||    59
       Headbutt          |     1 |     4 ||     5
       Punch             |       |     1 ||     1
 Fire: Hand crossbow     |    61 |    55 ||   116
  Use: Scroll            |     2 |     2 ||     4
       Potion            |       |     1 ||     1
Armor: Leather armour    |    17 |    11 ||    28
Dodge: Dodged            |    15 |    48 ||    63
Block: Other             |     1 |     1 ||     2
